 Dungeon Crawl Stone Soup version 0.22-a0-609-gfedc9ff (webtiles) character file.

153 Supahsalami the Firebug (level 5, -3/40 HPs)
             Began as a Draconian Fire Elementalist on July 10, 2018.
             Was an Elder of Uskayaw.
             Killed from afar by an orc wizard (4 damage)
             ... with a puff of frost
             ... on level 4 of the Dungeon.
             The game lasted 00:23:08 (3789 turns).

Supahsalami the Firebug (DrFE)                      Turns: 3789, Time: 00:23:09

Health: -3/40      AC:  7    Str: 10    XL:     5   Next: 12%
Magic:  0/9        EV: 15    Int: 16    God:    Uskayaw [****..]
Gold:   116        SH:  0    Dex: 10    Spells: 3/9 levels left

rFire    . . .     SeeInvis .   g - +0 short sword (curse)
rCold    + . .     Gourm    .   (no shield)
rNeg     . . .     Faith    .   (armour unavailable)
rPois    .         Spirit   .   (helmet restricted)
rElec    .         Reflect  .   (no cloak)
rCorr    .         Harm     .   d - +0 pair of gloves
MR       .....                  l - +0 pair of boots
Stlth    ++........             (no amulet)
HPRegen  0.13/turn              k - ring of protection from cold
MPRegen  0.11/turn              n - +3 ring of evasion

@: no status effects
A: unfitting armour, clumsy 1, wild magic 1, cold-blooded, AC +5
a: Stomp, Line Pass, Renounce Religion


You were on level 4 of the Dungeon.
You worshipped Uskayaw.
Uskayaw was noncommittal.
You were hungry.

You visited 1 branch of the dungeon, and saw 4 of its levels.

You collected 116 gold pieces.

Inventory:

Hand Weapons
 g - a cursed +0 short sword (weapon)
 q - a cursed -3 dagger
Missiles
 i - 108 stones (quivered)
Armour
 d - a +0 pair of gloves (worn)
 l - a +0 pair of boots (worn)
Jewellery
 a - an uncursed ring of protection from fire
 k - a ring of protection from cold (left hand)
 n - a +3 ring of evasion (right hand)
 s - an uncursed ring of see invisible
Comestibles
 b - 10 rations
 c - 2 chunks of flesh


   Skills:
 + Level 1.4 Fighting
 + Level 2.4 Dodging
 - Level 1.9 Stealth
 + Level 2.8 Spellcasting
 * Level 2.4 Conjurations
 * Level 4.0 Fire Magic


You had 3 spell levels left.
You knew the following spells:

 Your Spells              Type           Power        Failure   Level  Hunger
a - Flame Tongue          Conj/Fire      ###..        8%          1    #......
b - Throw Flame           Conj/Fire      ###...       12%         2    ##.....
c - Conjure Flame         Conj/Fire      ###.....     22%         3    ###....

Your spell library contained the following spells:

 Spells                   Type           Power        Failure   Level  Hunger
 Fireball                 Conj/Fire      ###.......   86%         5    ######.
 Sticky Flame             Conj/Fire      ###.....     54%         4    #####..
 Inner Flame              Hex/Fire       ##......     34%         3    ###....


Dungeon Overview and Level Annotations

Branches:
Dungeon (4/15)
 Temple: D:4-7

Altars:
Sif Muna
Uskayaw

Annotations:
D:3 exclusion: ogre, Grinder


Innate Abilities, Weirdness & Mutations

Your plain brown scales are hard. (AC +5)
You cannot fit into any form of body armour.
You are cold-blooded and may be slowed by cold attacks.
You are clumsy. (Dex -2)
Your spells are a little harder to cast, but a little more powerful.


Message History

* * * LOW HITPOINT WARNING * * *
The orc wizard barely misses you. The orc barely misses you.
You hit the orc wizard.
The orc wizard is lightly wounded.
The orc wizard hits you with a dagger.
* * * LOW HITPOINT WARNING * * *
The orc barely misses you.
You hit the orc wizard.
The orc wizard is heavily wounded.
The orc wizard barely misses you.
The orc priest looks encouraged for a moment.
The orc wizard hits you but does no damage.
The orc barely misses you.
Uskayaw will force your foes to share their pain.
Uskayaw links your audience in an emotional bond!
You completely miss the orc wizard.
The orc wizard is moderately wounded.
The orc wizard casts a spell at you. The puff of frost hits you! You resist.
You die...

#.######.#
#...[....#
##########.######[#
....o....#.# #.#
.#######)#.# ####.#
#.#.# #....# #o#)#
#.##.# #o#.###.##.#
#@#....<##.#
#.####o#.##..##.#
#.....oo.........
######.#>........#
...####..###.#
##### #..# # #..#
#... .#


You could see an orc priest, an orc wizard and 3 orcs.

Vanquished Creatures
  An orc wizard (D:4)
  A worker ant (D:3)
  An adder skeleton (D:2)
  A worm (D:2)
  3 dart slugs (D:2)
  3 leopard geckos
  7 orcs
  2 giant cockroaches
  14 goblins
  4 hobgoblins
  2 jackals
  9 kobolds
  3 quokkas
  9 bats
  6 frilled lizards
  9 rats
75 creatures vanquished.

Notes
Turn   | Place    | Note
-------+----------+-------------------------------------------
     0 | D:1      | Supahsalami the Draconian Fire Elementalist began the quest for the Orb.
     0 | D:1      | Reached XP level 1. HP: 14/14 MP: 3/3
   197 | D:1      | Reached XP level 2. HP: 19/20 MP: 3/5
   846 | D:2      | Found a faded altar of an unknown god.
   851 | D:2      | Reached XP level 3. HP: 27/27 MP: 2/6
   898 | D:2      | Became a worshipper of Uskayaw the Reveler
   898 | D:2      | Reached * piety under Uskayaw
  1039 | D:2      | Found a deep blue altar of Sif Muna.
  1544 | D:2      | Learned a level 2 spell: Throw Flame
  1548 | D:2      | Learned a level 3 spell: Conjure Flame
  1751 | D:2      | Reached skill level 1 in Fighting
  1751 | D:2      | Reached ** piety under Uskayaw
  2162 | D:3      | Noticed Grinder
  2165 | D:3      | Paralysed by Grinder for 7 turns
  2416 | D:3      | Reached XP level 4. HP: 35/35 MP: 0/7
  3326 | D:3      | Noticed an ogre
  3464 | D:3      | Paralysed by Grinder for 5 turns
  3773 | D:4      | Reached *** piety under Uskayaw
  3779 | D:4      | HP: 1/35 [orc/mace (5)]
  3781 | D:4      | Gained mutation: You are dopey. (Int -2) [potion of mutation]
  3781 | D:4      | Gained mutation: You are clumsy. (Dex -2) [potion of mutation]
  3781 | D:4      | Lost mutation: You are dopey. (Int -2) [potion of mutation]
  3781 | D:4      | Gained mutation: Your spells are a little harder to cast, but a little more powerful. [potion of mutation]
  3782 | D:4      | Reached skill level 4 in Fire Magic
  3782 | D:4      | Reached XP level 5. HP: 5/40 MP: 3/9
  3786 | D:4      | HP: 2/40 [orc wizard/puff of flame (2)]
  3788 | D:4      | Reached **** piety under Uskayaw
  3789 | D:4      | Killed from afar by an orc wizard

Vault maps used:
D:1:      grunt_arrival_lava_bath
D:2:      led_sif_pool, chequers_ecumenical_altar_simple
D:3:      kennysheep_crisscross, uniq_grinder
D:4:      minmay_temple_entry_mist, minmay_item_behind_shaft

Skill      XL: |  1  2  3  4 |
---------------+-------------+-----
Dodging        | 2 |  2.4
Fighting       | 1 |  1.4
Conjurations   | 2 |  2.4
Fire Magic     | 4 |  4.0
Stealth        | |  1.9
Spellcasting   | |  2.8

Action                   |  1- 3 |  4- 6 || total
-------------------------+-------+-------++-------
Melee: Dagger            |    79 |    14 ||    93
       Unarmed           |     5 |       ||     5
       Tailslap          |     9 |     6 ||    15
       Short sword       |       |    44 ||    44
Throw: Stone             |    65 |    13 ||    78
 Cast: Flame Tongue      |    46 |     2 ||    48
       Throw Flame       |    17 |    28 ||    45
       Conjure Flame     |       |     2 ||     2
  Use: Scroll            |       |     8 ||     8
       Potion            |       |     3 ||     3
 Stab: Paralysed         |       |     2 ||     2
  Eat: Chunk             |     6 |     6 ||    12
Armor: Skin              |    35 |    20 ||    55
Dodge: Dodged            |    73 |    60 ||   133

Table legend:
 A = Spawn XP
 B = Non-spawn XP
 C = Spawn XP percentage of total XP
 D = Spawn monster count
 E = Non-spawn monster count
 F = Spawn count percentage of total count
 G = Total turns spent on level
                    A         B        C        D         E        F      G
               +---------+---------+-------+---------+---------+-------+---------
         Total |       0 |     219 |   0.0 |       0 |      75 |   0.0 |  3789
               +---------+---------+-------+---------+---------+-------+---------
           D:1 |       0 |      26 |   0.0 |       0 |      18 |   0.0 |   663
           D:2 |       0 |      61 |   0.0 |       0 |      29 |   0.0 |  1761
           D:3 |       0 |      70 |   0.0 |       0 |      19 |   0.0 |  1054
           D:4 |       0 |      62 |   0.0 |       0 |       9 |   0.0 |   311
               +---------+---------+-------+---------+---------+-------+---------
